 Dungeon Crawl Stone Soup version 0.31.0-32-g396128a36d (webtiles) character file.

Game seed: 639733729802773462

2839313 Brickman the Middleweight Champion (level 27, 171/171 HPs)
             Began as a Gargoyle Monk on Jan 21, 2024.
             Was the Champion of Lugonu.
             Escaped with the Orb
             ... and 5 runes on Mar 31, 2024!
             The game lasted 09:23:32 (81116 turns).

Brickman the Middleweight Champion (Gargoyle Monk) Turns: 81116, Time: 09:23:32

Health: 171/171    AC: 68    Str: 34    XL:     27
Magic:  32/32      EV: 12    Int: 15    God:    Lugonu [******]
Gold:   729        SH: 22    Dex: 12    Spells: 25/26 levels left

rFire   + +          +
                       - Unarmed
rCold   + + +        b - +1 tower shield of Contentment {rPois rF++ rCorr}
rNeg    + + .        S - +14 chain mail of Dishonesty {Str+3}
rPois   ∞            A - +2 hat {Stlth+}
rElec   +            h - scarf {repulsion}
rCorr   +            n - +2 pair of gloves
SInv    +            f - +3 pair of mountain boots {steadfast, rC+}
Will    ++++.        v - macabre finger necklace {Finger+ rN+} Stlth
                     B - ring of see invisible
HPRegen 0.48/turn    p - ring of the Curious Villages {rC+ Will+ AC+4}
MPRegen 0.23/turn    O - ring "Eteimom" {Fly rF+ Will+ Str+3 Int+3}

%: repel missiles
@: flying, studying 2 skills
A: sickness immunity, AC +20, big wings, negative energy resistance 1,
electricity resistance, torment resistance 1, petrification resistance,
iridescent scales 2, cold resistance 1, frail 1, screaming 1
0: Orb of Zot
}: 5/15 runes: barnacled, slimy, silver, abyssal, gossamer
a: Renounce Religion, Depart the Abyss, Banish, Corrupt, Enter the Abyss, Brand
Weapon With Distortion


You escaped.
You worshipped Lugonu.
Lugonu was exalted by your worship.
You visited 12 branches of the dungeon, and saw 56 of its levels.
You visited the Abyss 7 times.
You also visited: Gauntlet and Desolation.

You collected 9391 gold pieces.
You spent 8662 gold pieces at shops.

Inventory:

Armour
 b - the +1 tower shield of Contentment (worn) {rPois rF++ rCorr}
   (You acquired it on level 3 of the Vaults)

   rF++:      It greatly protects you from fire.
   rPois:     It protects you from poison rCorr: It protects you from acid and
   corrosion.
 f - the +3 pair of mountain boots (worn) {steadfast, rC+}
   (You found it in the Desolation of Salt)

   Steadfast: It prevents involuntary movement, except for blinking,
   teleportation, or banishment.
   rC+:       It protects you from cold.
 h - a scarf of repulsion (worn)
 n - a +2 pair of gloves (worn)
 A - a +2 hat of stealth (worn)
 S - the +14 chain mail of Dishonesty (worn) {Str+3}
   (You bought it in a shop on level 2 of the Orcish Mines)

   Str+3:     It affects your strength (+3).
Jewellery
 k - the ring "Wuexkui" {rPois rN+ Dex+2}
   (You found it on level 3 of the Crypt)

   [ring of positive energy]

   Dex+2:     It affects your dexterity (+2).
   rPois:     It protects you from poison rN+: It protects you from negative
   energy.
 p - the ring of the Curious Villages (right hand) {rC+ Will+ AC+4}
   (You found it in a Gauntlet)

   [ring of protection]

   AC+4:      It affects your AC (+4).
   rC+:       It protects you from cold.
   Will+:     It increases your willpower.
 t - the ring "Sergh" {EV+5 Slay+3}
   (You found it on level 3 of the Crypt)

   [ring of evasion]

   EV+5:      It affects your evasion (+5).
   Slay+3:    It affects your accuracy & damage with ranged weapons and melee
   (+3).
 v - the macabre finger necklace (around neck) {Finger+ rN+}
   (You took it off a minotaur in a Gauntlet)

   [amulet of nothing]

   Finger+:   It enables you to equip an extra ring.
   rN+:       It protects you from negative energy.
 B - a ring of see invisible (left hand)
 O - the ring "Eteimom" (on amulet) {Fly rF+ Will+ Str+3 Int+3}
   (You bought it in a shop on level 2 of the Depths)

   [ring of flight]

   Str+3:     It affects your strength (+3).
   Int+3:     It affects your intelligence (+3).
   rF+:       It protects you from fire.
   Will+:     It increases your willpower.
   Fly:       It grants you flight.
Wands
 r - a wand of polymorph (20)
 u - a wand of charming (24)
 y - a wand of roots (61)
 E - a wand of digging (30)
 G - a wand of quicksilver (21)
 I - a wand of mindburst (49)
 J - a wand of flame (70) (quivered)
Scrolls
 a - 3 scrolls of immolation
 d - 4 scrolls of fog
 i - 7 scrolls of poison
 l - 7 scrolls of fear
 m - 6 scrolls of torment
 o - 31 scrolls of teleportation
 q - 4 scrolls of revelation
 w - 2 scrolls of silence
 z - 8 scrolls of blinking
 H - 5 scrolls of butterflies
 K - a scroll of enchant armour
 P - 4 scrolls of vulnerability
Potions
 c - 11 potions of heal wounds
 e - 10 potions of haste
 j - 7 potions of invisibility
 s - 3 potions of mutation
 x - a potion of enlightenment
 C - 5 potions of resistance
 F - 8 potions of magic
 L - a potion of attraction
 N - 3 potions of cancellation
 T - 18 potions of curing
 V - 9 potions of might
 W - 4 potions of berserk rage
 X - 4 potions of ambrosia
Miscellaneous
 g - a tin of tremorstones (2/2)
 D - a phial of floods
 R - a box of beasts
 Y - a lightning rod (4/4)
 Z - a phantom mirror


   Skills:
 - Level 24.0 Fighting
 - Level 19.0 Armour
 - Level 6.0 Dodging
 - Level 1.0 Stealth
 - Level 21.0 Shields
 O Level 27 Unarmed Combat
 - Level 12.8 Invocations
 + Level 22.5 Evocations


You had 25 spell levels left.
You knew the following spells:

 Your Spells              Type           Power      Damage    Failure   Level
a - Apportation           Tloc           0%         N/A       63%         1

Your spell library contained the following spells:

 Spells                   Type           Power      Damage    Failure   Level
 Foxfire                  Conj/Fire      0%         2x1d4     63%         1
 Magic Dart               Conj           0%         1d3       63%         1
 Necrotise                Necr           0%         1d4       63%         1
 Shock                    Conj/Air       0%         1d3       63%         1
 Slow                     Hex            0%         N/A       63%         1
 Sting                    Conj/Alch      0%         1d3       63%         1
 Summon Small Mammal      Summ           0%         N/A       63%         1
 Blink                    Tloc           0%         N/A       77%         2
 Call Imp                 Summ           0%         N/A       77%         2
 Ensorcelled Hibernation  Hex/Ice        0%         N/A       77%         2
 Lesser Beckoning         Tloc           0%         N/A       77%         2
 Mercury Vapours          Alch/Air       0%         N/A       77%         2
 Scorch                   Fire           0%         2d5       77%         2
 Call Canine Familiar     Summ           0%         N/A       94%         3
 Confusing Touch          Hex            0%         N/A       94%         3
 Fugue of the Fallen      Necr           0%         N/A       94%         3
 Gell's Gravitas          Tloc           0%         N/A       94%         3
 Hailstorm                Conj/Ice       0%         3d5       94%         3
 Passwall                 Erth           0%         N/A       94%         3
 Sigil of Binding         Hex            0%         N/A       94%         3
 Stone Arrow              Conj/Erth      0%         3d7       94%         3
 Summon Ice Beast         Ice/Summ       0%         N/A       94%         3
 Swiftness                Air            0%         N/A       94%         3
 Teleport Other           Tloc           0%         N/A       94%         3
 Tukima's Dance           Hex            0%         N/A       94%         3
 Vampiric Draining        Necr           0%         2d6       94%         3
 Volatile Blastmotes      Fire/Tloc      0%         2d10      94%         3
 Airstrike                Air            0%         2d(0-16)  100%        4
 Anguish                  Hex/Necr       0%         N/A       100%        4
 Animate Armour           Summ/Erth      0%         N/A       100%        4
 Animate Dead             Necr           0%         N/A       100%        4
 Cause Fear               Hex            0%         N/A       100%        4
 Dimensional Bullseye     Hex/Tloc       0%         N/A       100%        4
 Dispel Undead            Necr           0%         3d6       100%        4
 Flame Wave               Conj/Fire      0%         2d4       100%        4
 Fulminant Prism          Conj/Alch      0%         3d5       100%        4
 Iskenderun's Mystic Bla  Conj/Tloc      0%         2d3       100%        4
 Leda's Liquefaction      Alch/Erth      0%         N/A       100%        4
 Martyr's Knell           Necr/Summ      0%         N/A       100%        4
 Olgreb's Toxic Radiance  Alch           0%         N/A       100%        4
 Passage of Golubria      Tloc           0%         N/A       100%        4
 Petrify                  Alch/Erth      0%         N/A       100%        4
 Summon Blazeheart Golem  Fire/Summ      0%         N/A       100%        4
 Summon Lightning Spire   Summ/Air       0%         N/A       100%        4
 Alistair's Intoxication  Alch           0%         N/A       100%        5
 Borgnjor's Vile Clutch   Necr/Erth      0%         N/A       100%        5
 Curse of Agony           Necr           0%         N/A       100%        5
 Iskenderun's Battlesphe  Conj           0%         2d6       100%        5
 Lee's Rapid Deconstruct  Erth           0%         3d4*      100%        5
 Summon Forest            Summ/Tloc      0%         N/A       100%        5
 Summon Mana Viper        Hex/Summ       0%         N/A       100%        5
 Yara's Violent Unravell  Hex/Alch       0%         3d3       100%        5
 Bombard                  Conj/Erth      0%         9d1       100%        6
 Death Channel            Necr           0%         N/A       100%        6
 Dispersal                Tloc           0%         N/A       100%        6
 Eringya's Noxious Bog    Alch           0%         4d6       100%        6
 Sculpt Simulacrum        Ice/Alch       0%         N/A       100%        6
 Starburst                Conj/Fire      0%         6d3       100%        6
 Summon Cactus Giant      Summ           0%         N/A       100%        6
 Enfeeble                 Hex            0%         N/A       100%        7
 Haunt                    Necr/Summ      0%         N/A       100%        7
 Orb of Destruction       Conj           0%         9d5       100%        7
 Ozocubu's Refrigeration  Ice            0%         4d7       100%        7
 Spellforged Servitor     Conj/Summ      0%         N/A       100%        7
 Summon Hydra             Summ           0%         N/A       100%        7
 Borgnjor's Revivificati  Necr           0%         N/A       100%        8
 Infestation              Necr           0%         N/A       100%        8
 Lehudib's Crystal Spear  Conj/Erth      0%         10d2      100%        8
 Summon Horrible Things   Summ           0%         N/A       100%        8
 Chain Lightning          Conj/Air       0%         N/A       100%        9
 Death's Door             Necr           0%         N/A       100%        9
 Fire Storm               Conj/Fire      0%         5d1       100%        9
 Polar Vortex             Ice            0%         N/A       100%        9
 Shatter                  Erth           0%         3d5*      100%        9
 Cigotuvi's Dreadful Rot  Necr/Alch/Air  Unusable   N/A       N/A         2
 Sublimation of Blood     Necr           Unusable   N/A       N/A         2

Dungeon Overview and Level Annotations

Branches:
Dungeon (15/15)            Temple (1/1) D:5            Lair (5/5) D:9
 Shoals (4/4) Lair:3       Spider (4/4) Lair:2        Slime (5/5) Lair:5
    Orc (2/2) D:9             Elf (3/3) Orc:2        Vaults (5/5) D:14
  Crypt (3/3) Vaults:3       Tomb (0/3) Crypt:3      Depths (4/4) D:15
    Zot (5/5) Depths:4    Desolation (visited)      Gauntlet (visited)

Altars:
Ashenzari
Cheibriados
Dithmenos
Elyvilon
Fedhas
Gozag
Hepliaklqana
Kikubaaqudgha
Makhleb
Nemelex Xobeh
Okawaru
Qazlal
Ru
Sif Muna
Trog
Uskayaw
Vehumet
Wu Jian
Xom
Yredelemnul
Zin
The Shining One
Ignis
Jiyva
Lugonu

Shops:
D:2 (   D:4 *   D:6 (   D:7 !   Orc:2 =:[?:   Elf:1 ([!   Elf:3 (!   Vaults:3 *
Vaults:4 ?   Vaults:5 =?   Depths:1 [   Depths:2 =:=   Depths:4 ?*!(

Portals:
Hell: Depths:1 Depths:2 Depths:3 Depths:4
Abyss: Lair:5 Depths:2 Depths:3
Pandemonium: Depths:2
Ziggurat: Depths:1

Annotations:
Shoals:1 Frances
Spider:1 Roxanne
Spider:2 corrupted, Asterion
Slime:1 exclusion: downstairs
Slime:5 corrupted
Elf:2 3 runed translucent doors, exclusion: 3 doors
Elf:3 corrupted
Depths:4 corrupted
Zot:3 exclusion: lightning spire
Zot:4 exclusion: 2 upstairs
Zot:5 corrupted, exclusion: 2 upstairs


Innate Abilities, Weirdness & Mutations

You are immune to sickness and miasma.
Your stone body is resilient. (AC +20)
You are immune to poison.
Your large and strong wings let you fly.
You resist negative energy. (rN+)
You are resistant to electric shocks. (rElec)
You are resistant to unholy torment.
You are immune to petrification.
You are mostly covered in iridescent scales. (AC +4)
Your flesh is cold resistant. (rC+)
You are frail. (-10% HP)
You occasionally shout uncontrollably at your foes.


Message History

An ice devil comes into view.
There is a stone staircase leading down here.
There is an escape hatch in the ceiling here.
A mysterious force pulls you upwards. The hatch slams shut behind you.
What level of the Dungeon? (default 1, ? - help)
There is a stone staircase leading up here.
You fly upwards.
There is a stone staircase leading down here.
There is a stone staircase leading up here.
You fly upwards.
There is a stone staircase leading down here.
There is a stone staircase leading up here.
You fly upwards.
There is a stone staircase leading down here.
There is a stone staircase leading up here.
You fly upwards.
There is a stone staircase leading down here.
A chaos spawn comes into view.
Items here: ))))) [[[[.
The chaos spawn moves out of view.
There is a stone staircase leading up here.
You fly upwards.
There is a stone staircase leading down here.
What level of the Dungeon? (default 1, ? - help)
There is an open door here.
There is an open door here.
There is a stone staircase leading up here.
You fly upwards.
There is a stone staircase leading down here.
There is an open door here.
There is a stone staircase leading up here.
You fly upwards.
There is a stone staircase leading down here.
There is a stone staircase leading up here.
You fly upwards.
There is a stone staircase leading down here.
You see here a +0 dagger.
You see here a +0 dagger.
There is a staircase leading out of the dungeon here.
You have escaped!

#.# #...## #.#
#.# #♣.♣# #.#
##
##.######♣.♣
#.# .#
#.......#♣.♣
#.# .##
#.......#♣.♣
#.##### #.##
#.#######♣.♣
#.....# ##.#
#.# ♣.♣
#####.# #.##
#.# ♣.♣ #.#
.######.# ♣@♣
#.#
........######
♣.♣ #.#
............>#
♣.♣
##########.#
.###########.#
♣.♣
#..........#
.# #.# ♣.♣
#.##########
)# #.# ♣.♣ #.#
.#
#.##♣.♣###.#
.#
#..#♣.♣#...#
.#
####...#.###


There were no monsters in sight!

Vanquished Creatures
  5 dread liches
  Frederick (Depths:4)
  2 orbs of fire (Zot:5)
  5 ancient liches
  A juggernaut (Depths:3)
  2 Killer Klowns (Zot:5)
  Vv (Depths:3)
  Boris (twice) (Vaults:1 Depths:2)
  Margery (Vaults:5)
  Bai Suzhen (Abyss:1)
  3 curse toes
  2 caustic shrikes (Depths:3)
  Saint Roka (Abyss:3)
  Nikola (Spider:1)
  The ghost of Iryull the Warrior, an adept DgCj (Depths:4)
  10 golden dragons
  Jory (Depths:4)
  2 bone dragons
  3 electric golems
  A Tzitzimitl (Depths:4)
  A hellephant (Vaults:5)
  14 tentacled monstrosities
  21 Orb Guardians
  Mlioglotl (Shoals:1)
  A deep elf blademaster (Depths:4)
  6 liches
  A walking divine tome (Depths:3)
  9 titans
  13 acid blobs
  8 quicksilver dragons
  10 sphinxes
  8 ancient champions
  7 death cobs
  An Executioner (Depths:4)
  13 storm dragons
  2 thorn hunters (Abyss:3)
  5 tengu reavers
  Polyphemus (Abyss:1)
  10 tentacled starspawn
  8 shadow dragons
  The ghost of HilariousDeathArtist the Skirmisher, an adept GnCA of Ignis (Shoals:2)
  10 rockslimes
  A revenant (Crypt:1)
  3 deep elf sorcerers
  2 draconian knights
  8 fire giants
  A balrug (Depths:4)
  2 imperial myrmidons (Desolation)
  6 azure jellies
  16 vault wardens
  2 protean progenitors (Zot:3)
  2 draconian scorchers
  4 frost giants
  A spectral tentacled monstrosity (Crypt:2)
  6 ghost moths
  An iron dragon (Depths:1)
  2 draconian shifters
  A draconian monk (Depths:4)
  6 ghouls
  6 emperor scorpions
  A deep elf elementalist (Elf:1)
  2 reapers
  A demonspawn blood saint (Depths:4)
  25 very ugly things
  2 draconian stormcallers (Zot:3)
  A juggernaut skeleton (Abyss:3)
  14 stone giants
  5 curse skulls
  17 ironbound preservers
  8 formless jellyfish
  3 draconian annihilators
  7 ironbound thunderhulks
  2 deep elf demonologists
  12 quicksilver oozes
  6 green draconians
  9 vampire knights
  2 broodmothers (Spider:3)
  7 dire elephants
  4 deep elf annihilators
  3 white draconians
  2 deep elf death magi
  A lorocyproca (Depths:3)
  A halazid warlock (Desolation)
  5 black draconians
  2 purple draconians
  3 war gargoyles
  3 yellow draconians
  4 red draconians
  11 spark wasps
  A minotaur (Gauntlet)
  5 jiangshi
  3 eidola
  A green death (Depths:4)
  A crystal guardian (Desolation)
  6 merfolk impalers
  11 ettins
  A mummy priest (Crypt:3)
  5 merfolk javelineers (Shoals:4)
  13 yaktaur captains
  2 deep elf high priests (Vaults:5)
  Josephine (D:12)
  6 fire dragons
  7 ragged hierophants (Desolation)
  3 entropy weavers
  7 great orbs of eyes
  2 kraken zombies (Crypt:2)
  A spriggan zombie (Abyss:1)
  32 vault guards
  The ghost of MonkeyDNika the Spear-Bearer, a journeyman DrBe of Trog (Lair:1)
  6 rakshasas
  11 peacekeepers
  6 servants of whispers (Desolation)
  6 spriggan air magi
  11 centaur warriors
  4 hydras
  6 ice dragons
  2 merfolk avatars (Shoals:4)
  6 ironbound frosthearts
  2 two-headed ogres
  4 ogre magi
  4 catoblepae
  3 jorogumos
  5 satyrs
  18 dancing weapons
  3 death knights
  3 merfolk aquamancers
  9 boulder beetles
  2 tengu warriors
  5 deep troll shamans
  4 vampire magi
  9 thrashing horrors
  4 death yaks
  11 deep troll earth magi
  2 orc high priests (Vaults:5)
  The ghost of tdog the Skirmisher, a journeyman SpBr of Okawaru (D:10)
  11 spriggan berserkers
  An occultist (Depths:2)
  9 demonic crawlers
  2 shock serpents (shapeshifter)
  Urug (D:13)
  25 hell knights
  7 wretched stars
  13 iron trolls
  2 soul eaters
  14 skeletal warriors
  4 spriggans
  3 shadow wraiths
  5 skysharks
  14 deep elf knights
  8 pharaoh ants
  2 flayed ghosts
  8 orb spiders
  2 spark wasp zombies
  16 sea snakes
  2 shadow demons (Abyss:1)
  6 steelbarb worms
  An elf zombie (Vaults:1)
  7 arcanists
  3 sun moths (Spider:4)
  A bog body (Crypt:1)
  41 deep trolls
  11 lindwurms
  2 glowing orange brains
  An orange crystal statue (Depths:2)
  Pikel (D:6)
  3 wolf spider zombies (Crypt:2)
  22 deep elf pyromancers
  7 necromancers
  A sea snake (shapeshifter) (Vaults:5)
  9 phantasmal warriors
  33 harpies
  13 ironbound convokers
  A shadow dragon skeleton (Abyss:1)
  24 deep elf zephyrmancers
  11 deep elf archers
  17 wolf spiders
  24 fauns
  4 lightning spires (Zot:3)
  10 orc sorcerers
  4 orc knights
  31 ugly things
  7 shining eyes
  10 cyclopes
  A stone giant zombie (Vaults:3)
  13 manticores
  5 worldbinders
  10 merfolk sirens
  A fire giant skeleton (Crypt:3)
  21 moths of wrath
  A kobold blastminer (Orc:2)
  An iron dragon skeleton (Crypt:1)
  2 apocalypse crabs (Abyss:1)
  4 black mambas
  5 elephants
  7 torpor snails
  A naga zombie (Abyss:1)
  10 water nymphs
  9 vault sentinels
  A naga skeleton (Abyss:1)
  12 cane toads
  11 smoke demons
  A guardian serpent (Desolation)
  4 eyes of devastation
  4 gargoyles
  2 unseen horrors (shapeshifter)
  20 large abominations
  5 orange demons
  A green draconian zombie (Crypt:2)
  22 komodo dragons
  3 unseen horrors
  A kobold demonologist (D:12)
  A minotaur zombie (Gauntlet)
  3 efreet
  2 tormentors
  An ice devil (Depths:4)
  3 rime drakes
  26 yaktaurs
  A redback zombie (Crypt:1)
  7 ancient zymes
  8 guardian mummies (Crypt:3)
  10 freezing wraiths
  2 tengu conjurers
  2 spectral demonic crawlers (Crypt:2)
  A catoblepas skeleton (Crypt:2)
  4 red devils
  Psyche (D:11)
  2 yaktaur skeletons (Vaults:1)
  33 merfolk
  A grey draconian skeleton (Crypt:3)
  A merfolk (shapeshifter) (Abyss:1)
  2 black draconian skeletons
  8 wind drakes
  6 polar bears
  A queen bee (shapeshifter) (Lair:5)
  17 starcursed masses (Abyss:1)
  A tengu simulacrum (Vaults:3)
  A troll (D:9)
  A troll (shapeshifter) (D:15)
  20 tarantellas
  6 hornets
  2 glass eyes
  A guardian serpent zombie (Crypt:2)
  5 hellwings
  46 saltlings (Desolation)
  A satyr zombie (Crypt:3)
  2 tarantella zombies
  A hornet (shapeshifter) (Abyss:1)
  8 snapping turtles
  Prince Ribbit (D:8)
  Grinder (D:4)
  An ettin zombie (Crypt:3)
  20 raiju
  17 blink frogs
  17 dream sheep
  86 slime creatures
  A jumping spider zombie (Crypt:2)
  17 jumping spiders
  2 air elementals (Elf:3)
  A frost giant simulacrum (Vaults:3)
  2 shadows
  Sigmund (D:2)
  A culicivora (shapeshifter) (D:14)
  14 culicivoras
  A stone giant simulacrum (Vaults:3)
  A dire elephant simulacrum (Abyss:1)
  A spriggan skeleton (Depths:1)
  8 wraiths
  An ettin skeleton (Depths:1)
  11 ynoxinuls
  5 wyverns
  A vampire (D:10)
  10 fire elementals
  13 water elementals
  51 yaks
  The ghost of groovy9 the Chopper, an amateur HOFi (D:4)
  Grum (D:8)
  4 fire bats (Abyss:1)
  An alligator snapping turtle simulacrum (Abyss:3)
  A neqoxec (Abyss:1)
  4 wargs
  A wind drake skeleton (Crypt:2)
  6 golden eyes
  11 vampire mosquitoes
  A human (Lair:3)
  7 basilisks
  3 chaos spawn
  50 redbacks
  A naga (Orc:2)
  A glowing shapeshifter zombie (Vaults:1)
  An acid dragon (D:9)
  A hell hound (D:11)
  12 orc warriors
  18 water moccasins
  2 ice beasts
  A sky beast (D:7)
  24 laughing skulls
  12 ogres
  8 boggarts
  A human zombie (Vaults:1)
  23 wolves
  9 centaurs
  A lemure (D:5)
  A phantom (D:5)
  3 weeping skulls
  A brain worm (Abyss:1)
  An elf skeleton (Crypt:2)
  2 gnoll sergeants
  3 kobold brigands
  4 necrophages
  A bullfrog (shapeshifter) (Abyss:3)
  12 bullfrogs
  An earth elemental (Elf:3)
  A komodo dragon skeleton (Crypt:1)
  28 small abominations
  A wyvern zombie (Crypt:1)
  3 scorpions
  2 draconian skeletons
  A warg skeleton (Crypt:3)
  15 wights
  A troll zombie (Crypt:2)
  3 killer bees (D:8)
  3 howler monkeys
  12 electric eels
  3 bombardier beetles
  2 crimson imps (Gauntlet)
  5 quasits (Abyss:1)
  3 jellies
  2 hounds
  9 orc priests
  4 iron imps (Abyss:1)
  A sleepcap (D:6)
  4 iguanas
  Ijyb (D:3)
  Natasha (thrice) (D:4)
  30 orc wizards
  7 hell rats (Lair:5)
  A mummy (Crypt:3)
  9 gnolls
  13 adders
  3 shadow imps
  6 white imps
  5 ufetubi
  A dart slug (D:5)
  3 ribbon worms
  60 orcs
  4 ball pythons
  11 endoplasms
  5 giant cockroaches
  15 goblins
  8 hobgoblins
  4 jackals (D:5)
  3 quokkas
  A river rat zombie (Crypt:1)
  7 bats
  A bombardier beetle zombie (Crypt:3)
  4 frilled lizards
  A frilled lizard skeleton (Crypt:1)
  A jackal skeleton (Crypt:3)
  20 kobolds
  6 rats
  An aspiring flesh (Zot:3)
  9 starspawn tentacles
  5 tentacles (Crypt:2)
2427 creatures vanquished.

Vanquished Creatures (collateral kills)
  A dread lich (Zot:5)
  Mennas (Vaults:5)
  An orb of fire (Zot:5)
  A golden dragon (Zot:3)
  Jorgrun (D:13)
  A dire elephant (Abyss:3)
  2 white draconians (Zot:5)
  An entropy weaver (Spider:1)
  A ragged hierophant (Desolation)
  A peacekeeper (Desolation)
  A servant of whispers (Desolation)
  A pharaoh ant (Spider:1)
  2 lindwurms (Vaults:1)
  A worldbinder (Abyss:3)
  A large abomination (Lair:5)
  A black mamba (Lair:2)
  A cane toad (Lair:2)
  A komodo dragon (Zot:3)
  2 saltlings (Desolation)
  A tarantella (Spider:1)
  3 blink frogs
  2 yaks (Lair:5)
  A water elemental (Abyss:3)
  A redback (Spider:1)
  An orc wizard (D:9)
  An orc (D:9)
32 creatures vanquished.

Vanquished Creatures (others)
  A dread lich (Zot:5)
  An ancient lich (Zot:5)
  A juggernaut (Depths:4)
  A tentacled monstrosity (Zot:5)
  5 Orb Guardians (Zot:5)
  3 deep elf blademasters
  2 deep elf master archers (Elf:3)
  2 protean progenitors (Zot:5)
  A draconian monk (Zot:3)
  A storm dragon (Zot:5)
  5 deep elf sorcerers (Elf:3)
  A draconian stormcaller (Zot:3)
  2 deep elf elementalists (Elf:3)
  A draconian scorcher (Zot:5)
  A ghost moth (Zot:5)
  2 stone giants (Depths:4)
  A deep elf demonologist (Elf:3)
  A green draconian (Zot:4)
  7 deep elf annihilators (Elf:3)
  A deep elf death mage (Elf:3)
  2 black draconians
  A yellow draconian (Zot:5)
  A red draconian (Zot:3)
  An ettin (Zot:5)
  A deep elf high priest (Elf:3)
  An ice dragon (Depths:4)
  A boulder beetle (Lair:2)
  A merfolk aquamancer (Shoals:4)
  A deep troll earth mage (Depths:2)
  2 shock serpents (Zot:3)
  A thrashing horror (Abyss:3)
  2 deep elf knights
  A glowing orange brain (Slime:5)
  A deep troll (Depths:4)
  A flayed ghost (Depths:3)
  2 deep elf archers (Elf:3)
  A deep elf zephyrmancer (Elf:3)
  2 deep elf pyromancers (Elf:3)
  An ugly thing (Depths:3)
  3 wolf spiders
  2 manticores
  A faun (Shoals:1)
  A moth of wrath (Zot:3)
  2 hornets (Spider:2)
  A water elemental (Elf:3)
  A redback (Spider:2)
  A small abomination (Lair:5)
  An orc wizard (Orc:2)
  An aspiring flesh (Zot:5)
  76 foxfires
  51 starspawn tentacles
  15 tentacles (Crypt:2)
220 creatures vanquished.

Grand Total: 2679 creatures vanquished

Notes
Turn   | Place    | Note
-------+----------+-------------------------------------------
     0 | D:1      | Brickman the Gargoyle Monk began the quest for the Orb.
     0 | D:1      | Reached XP level 1. HP: 14/14 MP: 1/1
   198 | D:1      | Reached XP level 2. HP: 18/19 MP: 2/2
   433 | D:1      | Reached skill level 4 in Unarmed Combat
   447 | D:1      | Reached XP level 3. HP: 23/23 MP: 3/3
  1003 | D:2      | Reached XP level 4. HP: 28/28 MP: 4/4
  1157 | D:3      | Noticed Ijyb
  1228 | D:2      | Found Ronnittaot's Antique Weapon Shop.
  1255 | D:2      | Noticed Sigmund
  1355 | D:2      | Found a faded altar of an unknown god.
  1363 | D:2      | Prayed at the altar of an unknown god.
  1363 | D:2      | Became a worshipper of Ignis, the Dying Flame
  1363 | D:2      | Reached ****** piety under Ignis
  1824 | D:3      | Found an opulent altar of Gozag.
  1898 | D:3      | Reached skill level 5 in Unarmed Combat
  2066 | D:3      | Found a white marble altar of Elyvilon.
  2067 | D:3      | Found an iron altar of Okawaru.
  2068 | D:3      | Found a hazy altar of Hepliaklqana.
  2073 | D:3      | Found a shimmering altar of Xom.
  2103 | D:3      | Killed Ijyb
  2104 | D:3      | Reached XP level 5. HP: 21/32 MP: 5/5
  2434 | D:4      | Noticed Grinder
  2434 | D:4      | Paralysed by Grinder for 2 turns
  2442 | D:4      | Killed Grinder
  2443 | D:4      | Reached skill level 7 in Unarmed Combat
  2443 | D:4      | Reached XP level 6. HP: 37/37 MP: 6/6
  2515 | D:5      | Entered Level 5 of the Dungeon
  2723 | D:4      | Reached XP level 7. HP: 34/41 MP: 7/7
  2723 | D:4      | Noticed groovy9's ghost (amateur HOFi)
  2765 | D:4      | Found Johyes Tetu's General Store.
  2794 | D:4      | Bought a scroll of blinking for 82 gold pieces
  2858 | D:4      | Noticed Natasha
  2866 | D:4      | Killed Natasha
  2894 | D:4      | Found a runed translucent gate.
  2895 | D:4      | Found a sparkling altar of Nemelex Xobeh.
  2895 | D:4      | Found a runed translucent gate.
  2903 | D:4      | Found a runed translucent gate.
  2922 | D:4      | Reached skill level 8 in Unarmed Combat
  3051 | D:4      | Noticed Natasha
  3061 | D:4      | Killed Natasha
  3224 | D:4      | Noticed Natasha
  3237 | D:4      | Killed Natasha
  3547 | D:5      | Found a staircase to the Ecumenical Temple.
  3567 | Temple   | Entered the Ecumenical Temple
  3601 | D:5      | Reached skill level 9 in Unarmed Combat
  3691 | D:5      | Upgraded the game from 0.31.0-4-g52a2dc7128 to
                  | 0.31.0-10-gcf4a605ca0
  3793 | D:5      | Found an ornate altar of the Wu Jian Council.
  3998 | D:5      | Reached XP level 8. HP: 44/46 MP: 8/8
  4195 | D:6      | Reached skill level 10 in Unarmed Combat
  4268 | D:6      | Identified the beast talisman of the Assorted Yaks {rElec}
  4311 | D:6      | Found Iduggus's Antique Weapon Boutique.
  4406 | D:6      | Noticed Pikel
  4717 | D:6      | Killed Pikel
  4718 | D:6      | Reached skill level 11 in Unarmed Combat
  4934 | D:6      | Reached XP level 9. HP: 43/51 MP: 9/9
  5078 | D:7      | Reached skill level 12 in Unarmed Combat
  5091 | D:7      | Reached skill level 1 in Evocations
  5387 | D:8      | Reached skill level 13 in Unarmed Combat
  5393 | D:8      | Noticed Grum
  5420 | D:8      | Killed Grum
  5469 | D:8      | Found a stormy altar of Qazlal.
  5534 | D:8      | Reached XP level 10. HP: 53/56 MP: 10/10
  5643 | D:8      | Noticed Prince Ribbit
  5655 | D:8      | Killed Prince Ribbit
  6632 | D:7      | Found a glowing silver altar of Zin.
  6753 | D:7      | Found Fughiu's Distillery.
  6761 | D:7      | Bought a potion of resistance for 150 gold pieces
  6761 | D:7      | Bought a potion of cancellation for 120 gold pieces
  6878 | D:7      | Found a hide-covered altar of Uskayaw.
  7046 | D:8      | Reached skill level 14 in Unarmed Combat
  7408 | D:9      | Found a snail-covered altar of Cheibriados.
  7408 | D:9      | Noticed a two-headed ogre
  7597 | D:9      | Noticed a centaur warrior
  7609 | D:9      | Killed a centaur warrior
  7679 | D:9      | Noticed a cyclops
  7687 | D:9      | Killed a cyclops
  7724 | D:9      | Noticed a manticore
  7831 | D:9      | Killed a manticore
  7832 | D:9      | Reached skill level 15 in Unarmed Combat
  7901 | D:9      | Reached skill level 5 in Evocations
  8013 | D:9      | Noticed a deep elf pyromancer
  8031 | D:9      | Killed a deep elf pyromancer
  8032 | D:9      | Reached XP level 11. HP: 59/61 MP: 11/11
  8143 | D:9      | Found a staircase to the Orcish Mines.
  8287 | D:9      | Reached skill level 5 in Fighting
  8431 | D:9      | Found a staircase to the Lair.
  8442 | D:9      | Reached skill level 1 in Stealth
  8756 | D:4      | Killed groovy9's ghost
  8772 | D:4      | Learned a level 1 spell: Apportation
  8876 | Lair:1   | Entered Level 1 of the Lair of Beasts
  9217 | Lair:1   | Noticed MonkeyDNika's ghost (journeyman DrBe)
  9220 | Lair:1   | Noticed a death yak
  9231 | Lair:1   | Found a runed translucent gate.
  9232 | Lair:1   | Found a runed translucent gate.
  9233 | Lair:1   | Found a runed translucent gate.
  9608 | Lair:1   | Reached skill level 16 in Unarmed Combat
 10112 | Lair:2   | Found a hole to the Spider Nest.
 10112 | Lair:2   | Noticed an orb spider
 10234 | Lair:2   | Noticed a boulder beetle
 10248 | Lair:2   | Reached XP level 12. HP: 39/68 MP: 12/12
 10272 | Lair:2   | Reached skill level 17 in Unarmed Combat
 10280 | Lair:2   | Killed a boulder beetle
 11199 | Lair:2   | Reached skill level 18 in Unarmed Combat
 11823 | Lair:3   | Gained mutation: Your health recovers twice as slowly from
                  | being drained. [potion of mutation]
 11823 | Lair:3   | Gained mutation: You are weak. (Str -2) [potion of
                  | mutation]
 11824 | Lair:3   | Lost mutation: Your health recovers twice as slowly from
                  | being drained. [potion of mutation]
 11824 | Lair:3   | Lost mutation: You are weak. (Str -2) [potion of mutation]
 11824 | Lair:3   | Gained mutation: You have hidden genetic potential. [potion
                  | of mutation]
 12142 | Lair:3   | Found a stormy altar of Qazlal.
 12572 | Lair:3   | Reached XP level 13. HP: 68/76 MP: 13/13
 12617 | Lair:3   | Found a runed translucent door.
 12618 | Lair:3   | Noticed a tentacled starspawn
 12729 | Lair:3   | Found a staircase to the Shoals.
 13036 | Lair:3   | Reached skill level 19 in Unarmed Combat
 13629 | Lair:4   | Identified the +1 ring mail of Ynapt {Harm Will+ Regen+
                  | Str-5}
 14594 | Lair:5   | Entered Level 5 of the Lair of Beasts
 14716 | Lair:5   | Gained mutation: You have great hidden genetic potential.
                  | [hidden potential]
 14793 | Lair:5   | Reached skill level 20 in Unarmed Combat
 15140 | Lair:5   | Found a shimmering altar of Xom.
 15905 | Lair:5   | Reached skill level 1 in Armour
 15941 | Lair:5   | Found a staircase to the Slime Pits.
 15942 | Lair:5   | Found a viscous altar of Jiyva.
 16134 | Lair:5   | Identified the +2 leather armour of the Hills {Will+}
 16370 | Lair:5   | Gained mutation: Your large and strong wings let you fly.
                  | [Gargoyle growth]
 16370 | Lair:5   | Reached XP level 14. HP: 82/82 MP: 14/14
 16391 | Lair:5   | Fell from the grace of Ignis
 17367 | Lair:5   | Found a corrupted altar of Lugonu.
 17367 | Lair:5   | Found a one-way gate to the infinite horrors of the Abyss.
 17371 | Lair:5   | Became a worshipper of Lugonu the Unformed
 17629 | Lair:5   | Reached skill level 21 in Unarmed Combat
 17921 | Orc:1    | Entered Level 1 of the Orcish Mines
 18048 | Orc:1    | You are sucked into a shaft and drop 1 floor!
 18048 | Orc:2    | Entered Level 2 of the Orcish Mines
 18105 | Orc:2    | Reached * piety under Lugonu
 18123 | Orc:2    | Gained mutation: You have large cloven feet. [hidden
                  | potential]
 18123 | Orc:2    | Lost mutation: You have great hidden genetic potential.
                  | [hidden potential expressed]
 18175 | Orc:1    | Reached skill level 1 in Invocations
 18570 | Orc:2    | Found Apseb's Jewellery Emporium.
 18675 | Orc:2    | Found a staircase to the Elven Halls.
 19563 | Orc:2    | Found Zixewkigg's Book Emporium.
 19581 | Orc:2    | Found an ancient bone altar of Kikubaaqudgha.
 19623 | Orc:2    | Paralysed by an ogre mage for 5 turns
 19761 | Orc:2    | Reached ** piety under Lugonu
 19765 | Orc:2    | Found a radiant altar of Vehumet.
 19847 | Orc:2    | Found Relogrigh's Antique Armour Emporium.
 19875 | Orc:2    | Bought a glowing cloak for 217 gold pieces
 20063 | Orc:2    | Found Ymutioc's Magic Scroll Shoppe.
 20133 | Orc:2    | Found Zynaru's Book Shoppe.
 20136 | Orc:2    | Bought a scroll of identify for 30 gold pieces
 20136 | Orc:2    | Bought a scroll of identify for 30 gold pieces
 20136 | Orc:2    | Bought a scroll of identify for 30 gold pieces
 20136 | Orc:2    | Bought a scroll of silence for 142 gold pieces
 20183 | Orc:2    | Bought a warped chain mail for 275 gold pieces
 20183 | Orc:2    | Identified the +14 chain mail of Dishonesty {Str+3} (You
                  | bought it in a shop on level 2 of the Orcish Mines)
 20197 | Orc:2    | Bought a crude orb for 406 gold pieces
 20197 | Orc:2    | Identified the orb "Xiepiss" {light, Str-5 Dex+4} (You
                  | bought it in a shop on level 2 of the Orcish Mines)
 20213 | Orc:2    | Bought a scroll of revelation for 112 gold pieces
 20414 | D:10     | Entered Level 10 of the Dungeon
 20572 | D:10     | Was forgiven by Ignis
 20835 | D:10     | Found a bloodstained altar of Trog.
 20849 | D:10     | Found a shimmering blue altar of Sif Muna.
 20853 | D:10     | Got Sif Muna's Spellbook of the Alembic and the Arsonist
 20870 | D:10     | Noticed tdog's ghost (journeyman SpBr)
 20874 | D:10     | Found a runed translucent door.
 21359 | D:11     | Noticed Psyche
 21371 | D:11     | Killed Psyche
 21398 | D:11     | Found an iron altar of Okawaru.
 21704 | D:11     | Reached *** piety under Lugonu
 21985 | D:12     | Upgraded the game from 0.31.0-10-gcf4a605ca0 to
                  | 0.31.0-11-ge490571c62
 22103 | D:12     | Reached skill level 5 in Armour
 22455 | D:12     | Reached XP level 15. HP: 86/86 MP: 18/18
 22723 | D:13     | Noticed Josephine
 22887 | D:12     | Killed Josephine
 22956 | D:13     | Reached **** piety under Lugonu
 22957 | D:13     | Reached skill level 22 in Unarmed Combat
 23098 | D:13     | Noticed Jorgrun
 23111 | D:13     | Killed Jorgrun
 23240 | D:13     | Gained mutation: Your movements are slightly less
                  | encumbered by armour. (ER -2) [hidden potential]
 23363 | D:13     | Noticed Urug
 23373 | D:13     | Killed Urug
 23492 | D:13     | Reached skill level 5 in Invocations
 23730 | D:14     | Found a gate leading to a gauntlet.
 23764 | Gauntlet | Entered a Gauntlet
 23764 | Gauntlet | Found a transporter.
 23764 | Gauntlet | Found a transporter.
 23766 | Gauntlet | Found a transporter.
 23766 | Gauntlet | Found a transporter.
 23769 | Gauntlet | Found a transporter.
 23809 | Gauntlet | Found a transporter.
 23812 | Gauntlet | Found a transporter.
 23812 | Gauntlet | Found a transporter.
 23816 | Gauntlet | Found a runed translucent door.
 23851 | Gauntlet | Found a transporter.
 23863 | Gauntlet | Found a runed translucent door.
 23864 | Gauntlet | Found a transporter.
 23878 | Gauntlet | Found a runed translucent door.
 23880 | Gauntlet | Found a transporter.
 23882 | Gauntlet | Found a runed translucent door.
 23884 | Gauntlet | Found a transporter.
 23932 | Gauntlet | Found a transporter.
 23946 | Gauntlet | Found a transporter.
 24088 | Gauntlet | Identified the ring of the Curious Villages {rC+ Will+
                  | AC+4}
 24134 | Gauntlet | Reached ***** piety under Lugonu
 24174 | D:14     | Reached skill level 1 in Shields
 24463 | D:14     | Reached skill level 5 in Shields
 24467 | D:14     | Found a gate to the Vaults.
 25178 | D:14     | Found a glowing golden altar of the Shining One.
 25262 | D:15     | Entered Level 15 of the Dungeon
 25292 | D:15     | Found a blossoming altar of Fedhas.
 25485 | D:15     | Found a staircase to the Depths.
 25752 | D:15     | Identified the +4 flail "Utatorut" {spect, Int+3 Dex+3}
 25901 | D:15     | Reached XP level 16. HP: 92/92 MP: 20/20
 26241 | D:10     | Killed tdog's ghost
 26519 | D:2      | Killed Sigmund
 26798 | Lair:1   | Killed MonkeyDNika's ghost
 27034 | Lair:2   | Reached skill level 10 in Shields
 27038 | Spider:1 | Entered Level 1 of the Spider Nest
 27306 | Spider:1 | Gained mutation: You have a beak for a mouth. [hidden
                  | potential]
 27306 | Spider:1 | Lost mutation: You have hidden genetic potential. [hidden
                  | potential expressed]
 27444 | Spider:1 | Noticed Roxanne
 28322 | Spider:1 | Noticed Nikola
 28832 | Shoals:1 | Entered Level 1 of the Shoals
 29451 | Shoals:1 | Noticed Frances
 29670 | Shoals:1 | Noticed Mlioglotl
 29672 | Shoals:1 | Noticed a bone dragon
 29751 | Shoals:1 | Killed Mlioglotl
 29791 | Shoals:1 | Reached ****** piety under Lugonu
 29802 | Shoals:1 | Reached skill level 23 in Unarmed Combat
 30558 | Orc:2    | Bought a ring of see invisible for 240 gold pieces
 31043 | Shoals:2 | Reached XP level 17. HP: 97/97 MP: 22/22
 31511 | Shoals:2 | Reached skill level 10 in Evocations
 31894 | Shoals:2 | Found a runed translucent gate.
 31894 | Shoals:2 | Found a runed translucent gate.
 31894 | Shoals:2 | Found a runed translucent gate.
 31894 | Shoals:2 | Noticed HilariousDeathArtist's ghost (adept GnCA)
 32550 | Shoals:3 | Noticed Polyphemus
 32551 | Shoals:3 | Banished Polyphemus
 32658 | Shoals:3 | Identified the +1 ring mail of Koud {Str+4}
 33377 | Shoals:4 | Entered Level 4 of the Shoals
 33934 | Shoals:4 | Noticed Bai Suzhen
 34461 | Shoals:4 | Banished Bai Suzhen
 34621 | Shoals:4 | Reached XP level 18. HP: 105/105 MP: 24/24
 34628 | Shoals:4 | Reached skill level 24 in Unarmed Combat
 34864 | Shoals:4 | Reached skill level 10 in Armour
 34936 | Shoals:4 | Reached skill level 10 in Fighting
 35029 | Shoals:4 | Got a barnacled rune of Zot
 36434 | Spider:2 | Identified the +6 scimitar "Wany" {protect, rF+ Str+4
                  | Stlth+}
 36565 | Spider:2 | Noticed Asterion
 36943 | Spider:2 | Corrupted Spider:2
 36943 | Spider:2 | Noticed a Hell Sentinel
 37389 | Spider:1 | Killed Nikola
 37902 | Spider:2 | Identified the orb "Ifaprua" {guile, rF+ Dex+4 Tloc}
 38656 | Spider:3 | Upgraded the game from 0.31.0-11-ge490571c62 to
                  | 0.31.0-32-g396128a36d
 39349 | Vaults:1 | Entered Level 1 of the Vaults
 39349 | Vaults:1 | Noticed Boris
 39374 | Vaults:1 | Killed Boris
 39375 | Vaults:1 | Reached skill level 15 in Shields
 39840 | Vaults:1 | Reached XP level 19. HP: 91/112 MP: 25/25
 43839 | Vaults:3 | Identified a scroll of acquirement
 43854 | Vaults:3 | Acquired a manual of Fighting
 43903 | Vaults:3 | Reached XP level 20. HP: 122/122 MP: 27/27
 44108 | Vaults:3 | Found Caesh's Assorted Antiques.
 44526 | Vaults:3 | Reached skill level 10 in Invocations
 44635 | Vaults:3 | Found a staircase to the Crypt.
 45633 | Vaults:4 | Reached skill level 15 in Fighting
 45684 | Vaults:4 | Found Inoplap's Magic Scroll Boutique.
 45688 | Vaults:4 | Bought a scroll of enchant armour for 135 gold pieces
 45831 | Vaults:4 | Identified the +6 arbalest "Ysuady" {heavy, rElec rF++
                  | Str+4 Int-3}
 47099 | Crypt:1  | Entered Level 1 of the Crypt
 47484 | Crypt:3  | Entered Level 3 of the Crypt
 47649 | Crypt:2  | Reached XP level 21. HP: 100/134 MP: 29/29
 48419 | Crypt:1  | Identified the +3 ring mail of Starshine {rF+ Regen+}
 48446 | Crypt:1  | Identified the +0 cloak of the Tormentor {rF+ Str+5}
 49380 | Crypt:3  | Identified the +0 pair of gloves of Rotini {rPois Dex+4}
 49536 | Crypt:2  | Reached skill level 25 in Unarmed Combat
 49644 | Crypt:3  | Acquired a +2 pair of boots of rampaging
 50224 | Crypt:3  | Noticed a curse toe
 50815 | Crypt:3  | Killed a curse toe
 51364 | Crypt:3  | Found a staircase to the Tomb.
 51540 | Crypt:3  | Noticed an ancient lich
 51543 | Crypt:3  | Noticed a dread lich
 51825 | Crypt:3  | Killed an ancient lich
 51886 | Crypt:3  | Killed a dread lich
 51895 | Crypt:3  | Identified the ring "Vaic" {rElec rN+ Str-2 Dex+6}
 51895 | Crypt:3  | Identified the ring "Wuexkui" {rPois rN+ Dex+2}
 51895 | Crypt:3  | Identified the ring of the Castellan {rN+ Stlth+}
 51904 | Crypt:3  | Identified the +5 double sword of the Ship {venom, rN+}
 51908 | Crypt:3  | Got the Exposition on Mortification
 51912 | Crypt:3  | Identified the ring "Sergh" {EV+5 Slay+3}
 52483 | Crypt:2  | Identified the +5 dagger of Jurr {spect, ^Contam +Blink
                  | Int+2}
 52503 | Crypt:2  | Identified the +7 quick blade of Xaneh {pain, Fly rF++
                  | Dex-2 SInv}
 52859 | Elf:1    | Entered Level 1 of the Elven Halls
 52859 | Elf:1    | Noticed Louise
 52861 | Elf:1    | Louise changed into Louise the seven-headed hydra
 52861 | Elf:1    | Noticed Louise
 52864 | Elf:1    | Killed Louise the seven-headed hydra
 53026 | Elf:1    | Found Syzxul's Antique Weapon Emporium.
 53046 | Elf:1    | Found a crumbling gateway.
 53065 | Desolati | Entered the Desolation of Salt
 53214 | Desolati | Reached XP level 22. HP: 141/141 MP: 31/31
 53265 | Desolati | Reached skill level 26 in Unarmed Combat
 53284 | Desolati | Identified the +4 dagger of Qugoodgh {drain, rF+ rC+ Str+2
                  | Dex-3}
 53293 | Desolati | Identified the +7 broad axe of Afazuaf {freeze, ^Contam rN+
                  | Will+ Dex+6}
 53478 | Desolati | Found the +3 pair of mountain boots {steadfast, rC+}
 53513 | Desolati | Got Agybist's Secrets of Damaging Alteration
 53643 | Desolati | Identified the +7 scimitar of Jutyit {heavy, Dex+3}
 53644 | Desolati | Identified the ring "Dem Tuer" {rC- rN+ rCorr Int-3 Dex+8}
 53768 | Desolati | Identified the +5 ring mail of Dishonesty {rPois Str+3}
 54168 | Elf:1    | Found Faunoagg's Antique Armour Boutique.
 54209 | Elf:1    | Found Ukoptug's Distillery.
 54738 | Elf:3    | Entered Level 3 of the Elven Halls
 55364 | Elf:2    | Found a runed translucent gate.
 55365 | Elf:2    | Found a runed translucent gate.
 55365 | Elf:2    | Found a runed translucent gate.
 55593 | Elf:3    | Reached skill level 15 in Evocations
 55664 | Elf:3    | Found Eze Qoech's Antique Weapon Shoppe.
 55676 | Elf:3    | Found Cealaof's Distillery.
 55757 | Elf:3    | Corrupted Elf:3
 55757 | Elf:3    | Noticed a profane servitor
 56036 | Elf:3    | Paralysed by an air elemental for 1 turns
 56424 | Elf:3    | Identified the amulet of Attima {Faith rN+}
 56431 | Elf:3    | Identified the +10 halberd "Arbiter" {flame, rElec Will-
                  | MP+9}
 56431 | Elf:3    | Identified an amulet "Geyb" {Spirit rCorr Str-2 Dex+2}
 56435 | Elf:3    | Identified the +3 shortbow of the Desolation of Salt
                  | {freeze, rElec rN+ MP-9}
 56442 | Elf:3    | Identified the +0 pair of gloves "Laphil" {rPois Str+2}
 56444 | Elf:3    | Identified an amulet of Leaves {Spirit ^Drain +Blink Will+}
 56452 | Elf:3    | Identified the +9 great sword "Zutsoan" {vamp, Dex+3}
 56455 | Elf:3    | Got Sif Muna's Elucidation of Black Magic and Convocation
 56516 | Elf:3    | Identified the +6 short sword "Buxexie" {holy, Str+4}
 56527 | Elf:3    | Identified the +5 orcbow "Tyogrumay" {heavy, Dex+3}
 56991 | Depths:1 | Entered Level 1 of the Depths
 57052 | Depths:1 | Acquired 785 gold pieces
 57097 | Depths:1 | Found a one-way gateway to a ziggurat.
 57417 | Depths:1 | Found a snail-covered altar of Cheibriados.
 57607 | Depths:1 | Reached skill level 15 in Armour
 57911 | Depths:1 | Reached XP level 23. HP: 150/150 MP: 32/32
 58038 | Depths:1 | Found Evups's Antique Armour Emporium.
 58395 | Depths:1 | Found a gateway to Hell.
 58647 | Depths:2 | Voluntarily entered the Abyss.
 58656 | Abyss:1  | Banished Bai Suzhen
 58696 | Abyss:1  | Found a corrupted altar of Lugonu.
 58906 | Abyss:1  | Killed Polyphemus
 59076 | Abyss:1  | Found a corrupted altar of Lugonu.
 59125 | Abyss:1  | Killed Bai Suzhen
 59171 | Depths:2 | Escaped the Abyss
 59179 | Depths:2 | Voluntarily entered the Abyss.
 59179 | Abyss:1  | Found a corrupted altar of Lugonu.
 59198 | Abyss:1  | Found a corrupted altar of Lugonu.
 59560 | Abyss:1  | Found a corrupted altar of Lugonu.
 59846 | Depths:2 | Escaped the Abyss
 59858 | Depths:2 | Voluntarily entered the Abyss.
 60246 | Abyss:1  | Found a corrupted altar of Lugonu.
 60248 | Abyss:1  | Found a corrupted altar of Lugonu.
 60248 | Abyss:1  | Found a corrupted altar of Lugonu.
 60417 | Abyss:1  | Noticed an ancient lich
 60529 | Abyss:1  | Killed an ancient lich
 60530 | Abyss:1  | Reached skill level 5 in Dodging
 60726 | Depths:2 | Escaped the Abyss
 61155 | Depths:2 | Noticed Boris
 61171 | Depths:2 | Killed Boris
 61408 | Depths:2 | Reached XP level 24. HP: 163/163 MP: 32/32
 61583 | Depths:2 | Found Dastidomn's Jewellery Emporium.
 61583 | Depths:2 | Found Niuhyedd's Book Boutique.
 61584 | Depths:2 | Found Runum's Jewellery Emporium.
 61593 | Depths:2 | Bought the ring "Eteimom" {Fly rF+ Will+ Str+3 Int+3} for
                  | 695 gold pieces
 61646 | Depths:2 | Found a one-way gate leading to the halls of Pandemonium.
 62082 | Depths:3 | Noticed Vv
 62386 | Vaults:3 | Bought a scroll of acquirement for 2444 gold pieces
 62386 | Vaults:3 | Acquired the +1 tower shield of Contentment {rPois rF++
                  | rCorr}
 62712 | Spider:4 | Entered Level 4 of the Spider Nest
 62735 | Spider:4 | Acquired 419 gold pieces
 63026 | Spider:4 | Identified the +10 whip "Angedgh" {freeze, rF+}
 63443 | Spider:4 | Got a gossamer rune of Zot
 64003 | Slime:1  | Entered Level 1 of the Pits of Slime
 64221 | Slime:2  | Gained mutation: You occasionally lose the ability to drink
                  | potions when taking damage. [a shining eye]
 64222 | Slime:2  | Gained mutation: You expend magic power (3 MP) to
                  | strengthen your wands. [a shining eye]
 64546 | Slime:2  | Gained mutation: Your health recovers twice as slowly from
                  | being drained. [a shining eye]
 64661 | Slime:5  | Entered Level 5 of the Pits of Slime
 64696 | Slime:5  | Gained mutation: Your spells are a little easier to cast,
                  | but a little less powerful. [a shining eye]
 64698 | Slime:5  | Lost mutation: Your health recovers twice as slowly from
                  | being drained. [a shining eye]
 65132 | Slime:5  | Corrupted Slime:5
 65148 | Slime:5  | Got a slimy rune of Zot
 65164 | Slime:5  | Got the Discursus on Heated Stolen Souls
 65754 | Slime:5  | Noticed the Royal Jelly
 65857 | Slime:5  | Found a viscous altar of Jiyva.
 66228 | Slime:5  | the Royal Jelly changed into a titan shaped Royal Jelly
 66228 | Slime:5  | Noticed a titan shaped Royal Jelly
 66234 | Slime:4  | Killed a titan shaped Royal Jelly
 66574 | Slime:5  | Identified the +1 orcbow "Transmigrator" {heavy, rElec
                  | Will+ Int+3 Dex+3}
 66579 | Slime:5  | Identified the +6 battleaxe of Past Mistakes {heavy, rElec
                  | rPois Will- Int+3 Dex+2}
 66874 | Slime:5  | Identified the +2 double sword of a bailey {venom, rElec
                  | Str-2 Dex+5}
 66875 | Slime:5  | Identified the ring "Huthran" {^Contam AC+4 Int+3 Dex+4}
 66884 | Slime:5  | Identified the +1 orcbow of Articulation {heavy, Str+3}
 67309 | Depths:4 | Entered Level 4 of the Depths
 67715 | Depths:3 | Identified the staff "Ciolew" {rPois rN+ Int+4 Necro}
 67756 | Depths:3 | Noticed a caustic shrike
 67770 | Depths:3 | Killed a caustic shrike
 67795 | Depths:3 | Noticed a caustic shrike
 67806 | Depths:3 | Killed a caustic shrike
 67961 | Depths:3 | Noticed a juggernaut
 68204 | Depths:3 | Reached XP level 25. HP: 168/168 MP: 32/32
 68310 | Depths:4 | Noticed Jory
 68466 | Depths:3 | Reached skill level 27 in Unarmed Combat
 68483 | Depths:3 | Killed a juggernaut
 68882 | Depths:3 | Identified the +0 hand axe of Drought {holy, Str+4 Int+5}
 69585 | Depths:4 | Found a gate to the Realm of Zot.
 69666 | Depths:4 | Killed Jory
 69956 | Depths:4 | Found Omothe's Weapon Shop.
 69958 | Depths:4 | Found Layxzuec's Distillery.
 69958 | Depths:4 | Found Ybuadd's General Store.
 69963 | Depths:4 | Found Cueck's Magic Scroll Boutique.
 69987 | Depths:4 | Bought a scroll of silence for 209 gold pieces
 70025 | Depths:4 | Found a transporter.
 70025 | Depths:4 | Identified the orb "Fiduewniup" {*channel, Int-2 Dex+5}
 70025 | Depths:4 | Noticed Frederick
 70044 | Depths:4 | Killed Frederick
 70107 | Depths:4 | Found a bloodstained altar of Trog.
 70107 | Depths:4 | Noticed a juggernaut
 70124 | Depths:4 | Found a transporter.
 70124 | Depths:4 | Noticed Iryull's ghost (adept DgCj)
 70168 | Depths:4 | Corrupted Depths:4
 70220 | Depths:4 | Killed a juggernaut
 70446 | Depths:4 | Killed Iryull's ghost
 71252 | Shoals:2 | Killed HilariousDeathArtist's ghost
 71733 | Vaults:5 | Entered Level 5 of the Vaults
 72091 | Vaults:5 | Noticed Margery
 72105 | Vaults:5 | Killed Margery
 72294 | Vaults:5 | Identified the ring of Kaluhad {Int+5 Dex+6}
 72512 | Vaults:5 | Reached XP level 26. HP: 170/179 MP: 32/32
 72563 | Vaults:5 | Identified the ring "Weasugo" {Wiz rElec rF+ Int+3 Dex+4}
 72651 | Vaults:5 | Noticed Saint Roka
 72654 | Vaults:5 | Banished Saint Roka
 72679 | Vaults:5 | Noticed a dread lich
 72687 | Vaults:5 | Killed a dread lich
 72847 | Vaults:5 | Found Moturit's Magic Scroll Shop.
 72861 | Vaults:5 | Bought a scroll of fear for 60 gold pieces
 72861 | Vaults:5 | Bought 3 scrolls of teleportation for 135 gold pieces
 73188 | Vaults:5 | Identified the +11 quick blade of Doom {vamp, rPois Int+2}
 73188 | Vaults:5 | Identified the +1 chain mail "Arufaowi" {rC++ Stlth-}
 73188 | Vaults:5 | Identified the amulet of the Caustic God {Faith rF+ Str+2
                  | Dex+3}
 73358 | Vaults:5 | Gained mutation: You occasionally lose the ability to read
                  | scrolls when taking damage. [a shining eye]
 73413 | Vaults:5 | Found Mamouj's Jewellery Shoppe.
 73544 | Vaults:5 | Noticed a dread lich
 73765 | Vaults:5 | Escaped the Abyss
 73772 | Vaults:5 | Killed a dread lich
 73807 | Vaults:5 | Noticed an ancient lich
 73815 | Vaults:5 | Killed an ancient lich
 73841 | Vaults:5 | Got a silver rune of Zot
 73844 | Vaults:5 | Identified the staff of Lecox {rPois Dex+2 Ice Earth}
 73847 | Vaults:5 | Noticed Mennas
 73863 | Vaults:5 | Killed Mennas
 74377 | Depths:2 | Voluntarily entered the Abyss.
 74378 | Abyss:1  | Found a corrupted altar of Lugonu.
 74415 | Abyss:1  | Found a corrupted altar of Lugonu.
 74431 | Abyss:3  | Found a corrupted altar of Lugonu.
 74450 | Abyss:3  | Found a corrupted altar of Lugonu.
 74512 | Depths:2 | Escaped the Abyss
 74542 | Depths:2 | Voluntarily entered the Abyss.
 74567 | Abyss:3  | Killed Saint Roka
 74794 | Depths:2 | Escaped the Abyss
 74881 | Depths:2 | Voluntarily entered the Abyss.
 74954 | Abyss:3  | Got an abyssal rune of Zot
 75074 | Depths:2 | Escaped the Abyss
 75077 | Depths:2 | Lost mutation: You expend magic power (3 MP) to strengthen
                  | your wands. [potion of mutation]
 75077 | Depths:2 | Lost mutation: You have large cloven feet. [potion of
                  | mutation]
 75077 | Depths:2 | Gained mutation: You have large cloven feet. [potion of
                  | mutation]
 75077 | Depths:2 | Gained mutation: You are somewhat resistant to further
                  | mutation. [potion of mutation]
 75078 | Depths:2 | Lost mutation: You have large cloven feet. [potion of
                  | mutation]
 75078 | Depths:2 | Lost mutation: Your spells are a little easier to cast, but
                  | a little less powerful. [potion of mutation]
 75078 | Depths:2 | Lost mutation: You have a beak for a mouth. [potion of
                  | mutation]
 75078 | Depths:2 | Gained mutation: You are partially covered in large bone
                  | plates. (SH +4) [potion of mutation]
 75079 | Depths:2 | Lost mutation: You are partially covered in large bone
                  | plates. (SH +4) [potion of mutation]
 75079 | Depths:2 | Lost mutation: Your movements are slightly less encumbered
                  | by armour. (ER -2) [potion of mutation]
 75079 | Depths:2 | Gained mutation: You are frail. (-10% HP) [potion of
                  | mutation]
 75079 | Depths:2 | Gained mutation: You are clumsy. (Dex -2) [potion of
                  | mutation]
 75080 | Depths:2 | Lost mutation: You occasionally lose the ability to read
                  | scrolls when taking damage. [potion of mutation]
 75080 | Depths:2 | Lost mutation: You occasionally lose the ability to drink
                  | potions when taking damage. [potion of mutation]
 75080 | Depths:2 | Gained mutation: You are partially covered in iridescent
                  | scales. (AC +2) [potion of mutation]
 75080 | Depths:2 | Gained mutation: You are mostly covered in iridescent
                  | scales. (AC +4) [potion of mutation]
 75081 | Depths:2 | Lost mutation: You are somewhat resistant to further
                  | mutation. [potion of mutation]
 75081 | Depths:2 | Lost mutation: You are frail. (-10% HP) [potion of
                  | mutation]
 75081 | Depths:2 | Lost mutation: You are clumsy. (Dex -2) [potion of
                  | mutation]
 75081 | Depths:2 | Gained mutation: You sometimes lose your temper in combat.
                  | [potion of mutation]
 75081 | Depths:2 | Gained mutation: Your flesh is cold resistant. (rC+)
                  | [potion of mutation]
 75081 | Depths:2 | Gained mutation: Your mind is acute. (Int +4, Str/Dex -1)
                  | [potion of mutation]
 75082 | Depths:2 | Lost mutation: You sometimes lose your temper in combat.
                  | [potion of mutation]
 75082 | Depths:2 | Lost mutation: Your mind is acute. (Int +4, Str/Dex -1)
                  | [potion of mutation]
 75082 | Depths:2 | Gained mutation: You are frail. (-10% HP) [potion of
                  | mutation]
 75082 | Depths:2 | Gained mutation: You possess an exceptional clarity of
                  | mind. [potion of mutation]
 75121 | Depths:3 | Killed Vv
 75765 | Elf:1    | Bought a potion of curing for 30 gold pieces
 75765 | Elf:1    | Bought 2 potions of heal wounds for 100 gold pieces
 75765 | Elf:1    | Bought a potion of invisibility for 80 gold pieces
 75832 | Elf:3    | Bought a potion of haste for 140 gold pieces
 75832 | Elf:3    | Bought a potion of haste for 140 gold pieces
 75832 | Elf:3    | Bought a potion of heal wounds for 70 gold pieces
 75832 | Elf:3    | Bought a potion of mutation for 112 gold pieces
 76191 | Vaults:4 | Bought a scroll of poison for 72 gold pieces
 76191 | Vaults:4 | Bought a scroll of teleportation for 54 gold pieces
 76191 | Vaults:4 | Bought a scroll of butterflies for 72 gold pieces
 76191 | Vaults:4 | Bought a scroll of teleportation for 54 gold pieces
 76460 | Depths:4 | Bought 2 potions of resistance for 380 gold pieces
 76460 | Depths:4 | Bought a potion of haste for 190 gold pieces
 76460 | Depths:4 | Bought a potion of might for 76 gold pieces
 76460 | Depths:4 | Bought 2 potions of invisibility for 304 gold pieces
 76706 | Vaults:3 | Bought a scroll of blinking for 352 gold pieces
 76916 | D:7      | Bought a potion of resistance for 150 gold pieces
 76916 | D:7      | Bought a potion of heal wounds for 75 gold pieces
 76916 | D:7      | Bought a potion of heal wounds for 75 gold pieces
 77136 | Depths:4 | Bought a potion of curing for 60 gold pieces
 77136 | Depths:4 | Bought a scroll of teleportation for 60 gold pieces
 77136 | Depths:4 | Bought a wand of quicksilver (6) for 504 gold pieces
 77239 | Zot:1    | Entered Level 1 of the Realm of Zot
 77881 | Zot:3    | Reached XP level 27. HP: 167/169 MP: 32/32
 78386 | Zot:5    | Entered Level 5 of the Realm of Zot
 79564 | Zot:5    | Identified the +4 mace of False Accusations {freeze, Fly}
 79599 | Zot:5    | Lost mutation: You possess an exceptional clarity of mind.
                  | [mutagenic glow]
 79654 | Zot:5    | Corrupted Zot:5
 79662 | Zot:5    | Noticed a dread lich
 79677 | Zot:5    | Noticed an ancient lich
 79679 | Zot:5    | Noticed an orb of fire
 79689 | Zot:5    | Gained mutation: You occasionally shout uncontrollably at
                  | your foes. [an orb of fire]
 79696 | Zot:5    | Killed a dread lich
 79700 | Zot:5    | Killed an ancient lich
 79702 | Zot:5    | Killed an ancient lich
 79703 | Zot:5    | Noticed an orb of fire
 79708 | Zot:5    | Killed an orb of fire
 79708 | Zot:5    | Noticed a dread lich
 79709 | Zot:5    | Killed an orb of fire
 79716 | Zot:5    | Killed a dread lich
 80005 | Zot:5    | Noticed an orb of fire
 80017 | Zot:5    | Killed an orb of fire
 80022 | Zot:5    | Noticed an ancient lich
 80024 | Zot:5    | Killed an ancient lich
 80036 | Zot:5    | Noticed a dread lich
 80048 | Zot:5    | Killed a dread lich
 80166 | Zot:5    | Noticed a dread lich
 80178 | Zot:5    | Killed a dread lich
 80425 | Zot:5    | Got the Orb of Zot
 80457 | Zot:5    | Noticed Wannap the pandemonium lord
 81116 | D:$      | Escaped with the Orb!

Illustrated notes

Levels and vault maps discovered:
D:1:      eino_arrival_tree_alley, layout_loops_ring
D:2:      layout_basic, shapermc_ecumenical_altar_notcrosses, serial_shops,
          shop, minmay_misc_feat_secret_circle, uniq_sigmund
D:3:      layout_basic, mainiacjoe_overflow_alcove_3,
          nicolae_gozag_cash_rules_everything_around_me,
          amcnicky_mini_pool_small, serial_bayou_lagoon_a,
          chequers_decorated_corner, uniq_ijyb
D:4:      layout_basic, mainiacjoe_overflow_alcove_1, gammafunk_ghost_split,
          serial_shops, shop, uniq_natasha, uniq_grinder
D:5:      layout_rooms, mainiacjoe_overflow_chevrons,
          minmay_temple_entry_mini_moons, nicolae_half_adder
D:6:      layout_cave_pools, serial_shops, nicolae_shop_tiny_glass,
          nicolae_sextant, st_stairs_9, nicolae_figureground_sparkle, uniq_pikel
D:7:      layout_cave_pools, mainiacjoe_overflow_boulevard,
          nicolae_overflow_hidden_temple, serial_shops,
          nicolae_shop_industrial_runoff
D:8:      layout_basic, nicolae_qazlal_general_emergency, enter_bailey_7,
          uniq_grum, uniq_prince_ribbit1
D:9:      layout_loops_ring, lemuel_doored_altar, erik_lair_orcish_takeover,
          minmay_evil_grid
D:10:     layout_basic, nzn_overflow_gifts_of_might_and_magic,
          hellmonk_ghost_big_iron
D:11:     layout_basic, okawaru_gym_becter, uniq_psyche
D:12:     nicolae_moon_pools, layout_cave_pools
D:13:     layout_gridville, serial_park_tiny_pond, minmay_beelzebubs_servants,
          uniq_jorgrun, uniq_urug, uniq_josephine
D:14:     layout_small_grid, david_vaults_5, tso_altar, gauntlet_entry_generic,
          minmay_diced_spiral
D:15:     grunt_enter_depths_giant_problem, layout_loops_cross, fedhas_altar_2
Temple:   grunt_temple_mini_profane
Lair:1:   layout_misc_corridors, gammafunk_ghost_split
Lair:2:   layout_cave_pods, nicolae_spider_entry_orb_guardian,
          cheibrodos_lair_lostbears
Lair:3:   layout_roguey, mainiacjoe_shoals_entry_four_pools, basic_altar,
          pdpol_lair_cabin_in_the_woods
Lair:4:   layout_layer_cave
Lair:5:   hellmonk_lair_end_abyssal_woods, layout_long_grid, slime_entry_1,
          basic_altar, nicolae_quartered_pool_medium,
          mumra_transporter_accident, grunt_megastairs_5, lemuel_fruit_tree
Shoals:1: layout_shoals, uniq_mlioglotl, uniq_frances
Shoals:2: layout_shoals, ebering_ghost_rock_garden
Shoals:3: layout_shoals, uniq_polyphemus
Shoals:4: shoals_end_grunt_ice, layout_shoals,
          nicolae_shoals_nautilus_by_nature, uniq_bai_suzhen
Spider:1: layout_spider_delve, uniq_roxanne, uniq_nikola
Spider:2: layout_spider_delve, dreamdust_wasp_nest, uniq_asterion
Spider:3: layout_cave_pods, drop_trap
Spider:4: grunt_spider_rune_island
Slime:1:  layout_caves
Slime:2:  layout_caves, cheibrodos_slime_lost_civilization_5
Slime:3:  layout_caves
Slime:4:  layout_caves
Slime:5:  slime_pit_nicolae_inversion
Orc:1:    layout_diamond_mine
Orc:2:    kennysheep_orc_mage_school, layout_diamond_mine, serial_shops, shop,
          basic_altar, nicolae_orc_flooded_monolith
Elf:1:    layout_geoelf_octagon, serial_shops, nicolae_shop_tiny_waterfront,
          nicolae_shop_overgrown_old_shop, nicolae_shop_industrial_runoff,
          portal_desolation_entry_twin_temple, nicolae_elf_blasts_and_bolts,
          uniq_louise
Elf:2:    nicolae_elf_blades_crystal_corner, layout_loops_ring
Elf:3:    minmay_elf_hall_furrowed, layout_geoelf_grid, minmay_shop_star
Vaults:1: nicolae_vaults_weapon_check, nicolae_vaults_asterisk,
          vaults_room_pool, nicolae_vaults_storage_closets_2, v_rooms_5,
          nicolae_vaults_double_plus_1, vaults_mumra_hexcomb,
          nicolae_vaults_trapezoid_lopsided_1, ontoclasm_vaults_loading_screen,
          layout_vaults_omnigrid, uniq_boris
Vaults:2: nicolae_vaults_trapezoid_4, nicolae_vaults_closet_pinwheel_4,
          v_misc_5, hangedman_vaults_locks, v_pattern_3, v_misc_29, v_misc_10,
          hangedman_vaults_stretched_pinwheel, nicolae_vaults_diamond_1,
          vaults_room_large_hall, v_misc_22, nicolae_vaults_angled_halls,
          layout_vaults_omnibox
Vaults:3: v_misc_12, minmay_crypt_entry_simple_plaza,
          nicolae_vaults_shipping_containers_3,
          serial_library_hellmonk_big_corner, hangedman_vaults_river_flow,
          vaults_room_stairs_pillars, layout_vaults_chaotic_city, serial_shops,
          nicolae_shop_crystal
Vaults:4: nicolae_vaults_little_squares_6, nicolae_vaults_storage_closets_3,
          nicolae_vaults_ninety_degrees, nicolae_vaults_offset_grid_hallway_2,
          nicolae_vaults_mush_room, nicolae_vaults_little_squares_4,
          hangedman_vaults_restitches, nicolae_vaults_surprise_closet,
          layout_vaults_ring, serial_shops, nicolae_shop_stone
Vaults:5: uniq_margery, uniq_saint_roka, uniq_mennas
Crypt:1:  layout_regular_city, grunt_crypt_arrival_webbed
Crypt:2:  tekkud_devil_daggers, layout_regular_city, st_small_mortuary,
          uniq_josephina
Crypt:3:  david_glass_crypt, layout_chaotic_city, tomb_entry_sphere_bobbens
Depths:1: layout_gridlike, enter_ziggurat_f, serial_shops,
          nicolae_shop_tiny_statue_garden, minmay_misc_feat_rows,
          grunt_hell_entry_dis_mu, slow_altar_2, grunt_megastairs_1
Depths:2: dreamdust_cat_pyramid, layout_basic, rand_demon_pan_entry_8,
          abyss_entry, hangedman_decor_points, hell_entry, horrible_house_mu,
          minmay_shop_grove, serial_bayou_shore_b
Depths:3: minmay_fractal_lines_corner, layout_basic, grunt_metal_band,
          abyss_entry_crystal, serial_library_hellmonk_junction,
          kennysheep_random_hallway, uniq_vv
Depths:4: grunt_zot_entry_hairpin, layout_basic, skrybe_limestone_x,
          gammafunk_ghost_wrathful_warriors, hell_entry, minmay_shoptagon,
          uniq_frederick, uniq_jory
Zot:1:    layout_gridlike
Zot:2:    kennysheep_spiral_hall, layout_misc_corridors, hangedman_zot_gyre,
          nicolae_transporter_intersection, uniq_parghit
Zot:3:    infiniplex_zot_generator, layout_basic, lemuel_golem_globe
Zot:4:    layout_onion_interference, st_small_dragon_hoard_1, zot_minivault_3
Zot:5:    layout_cathedral_of_symmetry

Skill      XL: |  1  2  3  4  5  6  7  8  9 10 11 12 13 14 15 16 17 18 19 20 21 22 23 24 25 26 27 |
---------------+----------------------------------------------------------------------------------+-----
Unarmed Combat | 4 5 7 9 11 13 15 16 18 20 21 22 23 24 25 26 27 | 27.0
Evocations     | 4 6 7 9 10 11 12 14 16 18 19 22 | 22.5
Dodging        | 3 4 6 |  6.0
Fighting       | 4 5 6 7 8 9 10 12 15 17 20 21 23 24 | 24.0
Stealth        | 1 |  1.0
Armour         | 1 5 7 8 9 10 12 13 15 17 19 | 19.0
Invocations    | 4 5 7 8 9 11 12 | 12.8
Shields        | 8 12 15 16 19 21 | 21.0

Action                     |  1- 3 |  4- 6 |  7- 9 | 10-12 | 13-15 | 16-18 | 19-21 | 22-24 | 25-27 || total
---------------------------+-------+-------+-------+-------+-------+-------+-------+-------+-------++-------
  Melee: Unarmed           |   101 |   114 |   323 |   584 |  1156 |  1344 |  1795 |  1902 |  1754 ||  9073
         Kick              |       |       |       |       |   245 |   512 |   720 |       |       ||  1477
         Peck              |       |       |       |       |       |   328 |   611 |   582 |   358 ||  1879
         Spear             |       |       |       |       |       |    19 |       |       |       ||    19
  Throw: Dart              |       |       |     4 |     4 |    20 |     3 |     1 |       |       ||    32
         Javelin           |       |       |     4 |       |       |       |       |       |       ||     4
         Boomerang         |       |       |       |       |    50 |    15 |    22 |    17 |       ||   104
         Throwing net      |       |       |       |       |       |     1 |       |       |       ||     1
   Cast: Apportation       |       |       |       |       |       |     3 |       |       |       ||     3
 Invoke: Foxfire Swarm     |       |     1 |       |     1 |     2 |       |       |       |       ||     4
         Fiery Armour      |       |       |     1 |     4 |     3 |       |       |       |       ||     8
         Banish            |       |       |       |       |     1 |     8 |     1 |     2 |     5 ||    17
         Renounce Religion |       |       |       |       |     1 |       |       |       |       ||     1
         Corrupt           |       |       |       |       |       |     1 |       |     2 |     2 ||     5
         Enter the Abyss   |       |       |       |       |       |       |       |       |     1 ||     1
Ability: Begin Untransform |       |       |     1 |       |       |       |       |       |       ||     1
  Evoke: Wand              |       |       |     2 |     9 |    16 |    14 |     8 |    17 |    38 ||   104
         Box of beasts     |       |       |       |     2 |     3 |     3 |       |     3 |     3 ||    14
         Phial of floods   |       |       |       |       |     1 |     3 |     1 |       |     2 ||     7
         Phantom mirror    |       |       |       |       |     1 |     1 |       |       |     3 ||     5
         Lightning rod     |       |       |       |       |       |     4 |    10 |     3 |     5 ||    22
         Tin of tremorston |       |       |       |       |       |       |       |       |     2 ||     2
    Use: Scroll            |       |     4 |     3 |    12 |    11 |    15 |     8 |    11 |    10 ||    74
         Potion            |       |       |     1 |     6 |       |     3 |       |     1 |    22 ||    33
   Stab: Distracted        |       |       |       |       |     2 |     1 |     1 |     3 |     5 ||    12
         Sleeping          |       |       |       |       |     1 |       |       |       |       ||     1
         Petrified         |       |       |       |       |       |    14 |       |       |       ||    14
 Armour: Robe              |    29 |    27 |       |       |       |       |       |       |       ||    56
         Leather armour    |       |    12 |   207 |   243 |    37 |       |       |       |       ||   499
         Ring mail         |       |       |       |    54 |   300 |       |       |       |       ||   354
         Chain mail        |       |       |       |       |   358 |  1015 |   972 |   808 |   766 ||  3919
  Dodge: Dodged            |    49 |    60 |   160 |   255 |   402 |   370 |   436 |   551 |   360 ||  2643
         Repelled          |       |       |       |       |       |     8 |     6 |     6 |    25 ||    45
  Block: Kite shield       |       |       |       |       |   112 |  1122 |  1083 |   665 |       ||  2982
         Reflection        |       |       |       |       |    16 |    72 |       |       |       ||    88
         Tower shield      |       |       |       |       |       |       |       |   589 |  1170 ||  1759
   Form: Beast             |       |       |     1 |       |       |       |       |       |       ||     1
